 Dungeon Crawl Stone Soup version 0.16-a0-119-gc74d62a (webtiles) character file.

53 Crauler the Changer (level 3, -1/16 HPs)
             Began as a Felid Transmuter on Aug 12, 2014.
             Was an Initiate of Ashenzari.
             Slain by an ogre
             ... wielding a +0 giant spiked club
              (17 damage)
             ... on Level 4 of the Dungeon.
             The game lasted 00:10:07 (3143 turns).

Crauler the Changer (Felid Transmuter)              Turns: 3143, Time: 00:10:07

HP  -1/16        AC  2     Str  6      XL: 3   Next: 62%
MP   5/8         EV 26     Int 14      God: Ashenzari [......]
Gold 123         SH  0     Dex 22      Spells:  2 memorised,  2 levels left
Lives: 0, deaths: 1

rFire  . . .     SeeInvis +       - Unarmed
rCold  + . .     Clarity  .     (armour unavailable)
rNeg   . . .     rCorr    .     (shield unavailable)
rPois  x         rRot     .     (helmet unavailable)
rElec  .         Spirit   .     (cloak unavailable)
SustAb .         Warding  .     (gloves unavailable)
rMut   .         Stasis   .     (boots unavailable)
Gourm  .                        (no amulet)
MR     .....                    g - +4 ring of evasion
                                k - ring of protection from cold

@: spider-form, not resistant to hostile enchantments, unstealthy
A: paw claws, no armour, no weapons or thrown items, (fangs 0), see invisible,
carnivore 3, (speed 0), (shaggy fur 0), slow metabolism 1, jump 1
a: Jump Attack, End Transformation, Renounce Religion


You were on level 4 of the Dungeon.
You worshipped Ashenzari.
Ashenzari was noncommittal.
You were not hungry.
You were in spider-form.
You visited 1 branch of the dungeon, and saw 4 of its levels.

You collected 123 gold pieces.

Inventory:

Missiles
 b - 35 arrows
Comestibles
 a - a meat ration
 r - a slice of pizza
Scrolls
 i - 2 scrolls of recharging
 j - 2 scrolls of identify
 n - 2 scrolls of amnesia
Jewellery
 g - a +4 ring of evasion (right front leg)
 k - a ring of protection from cold (left front leg)
 o - an uncursed ring of protection from cold
Potions
 e - 3 potions of curing
 l - a potion of haste
Books
 d - a book of Changes

   Spells                             Type                      Level
   *Beastly Appendage                 Transmutation                1
   Sticks to Snakes                   Transmutation                2
   *Spider Form                       Transmutation/Poison         3
   Ice Form                           Ice/Transmutation            4
   Blade Hands                        Transmutation                5


   Skills:
 + Level 2.2 Fighting
 + Level 3.3 Dodging
 * Level 3.6 Unarmed Combat
 + Level 2.1 Spellcasting
 * Level 3.7 Transmutations


You had 2 spell levels left.
You knew the following spells:

 Your Spells              Type           Power        Failure   Level  Hunger
a - Beastly Appendage     Trmt           ##....       17%         1    #......
b - Spider Form           Trmt/Pois      #.........   61%         3    ####...


Dungeon Overview and Level Annotations

Branches:
Dungeon (4/15)
 Temple: D:4-7

Altars:
Ashenzari
The Shining One

Annotations:
D:3 Poody's ghost, average MfGl


Innate Abilities, Weirdness & Mutations

You cannot wear armour.
You are incapable of wielding weapons or throwing items.
((Your paws have sharp claws.))
((You have razor-sharp teeth.))
You have supernaturally acute eyesight.
You are carnivorous and can eat meat at any time.
((You cover ground quickly.))
((You are covered in fur (AC +1).))
You have a slow metabolism.
You can jump attack at a short distance.


Message History

You scratch the bat.
You kill the bat!
There is a stone staircase leading down here.
You climb downwards.
A bat comes into view.
There is a stone staircase leading up here.
Casting: Beastly Appendage
Confirm with . or Enter, or press ? or * to list all spells.
You don't know that spell.
The helpless bat fails to defend itself.
You claw the bat!
You kill the bat!
An ogre comes into view. It is wielding a giant spiked club.
Casting: Beastly Appendage
Confirm with . or Enter, or press ? or * to list all spells.
You turn into a venomous arachnid creature.
You hit the ogre but do no damage.
The ogre is poisoned.
The ogre hits you with a giant spiked club!
Ouch! That really hurt!
You die...

###
#######.#
.......O.#
#s# #<#
###


You could see an ogre.

Vanquished Creatures
  An orc wizard (D:3)
  An adder (D:3)
  A worm (D:3)
  2 giant geckos
  8 bats
  A giant cockroach (D:1)
  9 goblins
  5 hobgoblins
  11 jackals (D:3)
  9 kobolds
  3 quokkas
  5 giant newts
  7 rats
63 creatures vanquished.

Notes
Turn   | Place    | Note
--------------------------------------------------------------
     0 | D:1      | Crauler, the Felid Transmuter, began the quest for the Orb.
     0 | D:1      | Reached XP level 1. HP: 9/9 MP: 4/4
   198 | D:1      | Reached XP level 2. HP: 9/12 MP: 5/5
   829 | D:1      | Reached XP level 3. HP: 12/16 MP: 8/8
   834 | D:1      | Learned a level 3 spell: Spider Form
  1602 | D:2      | Found a shattered altar of Ashenzari.
  1602 | D:2      | Found a glowing golden altar of the Shining One.
  1639 | D:2      | Became a worshipper of Ashenzari the Shackled
  1803 | D:3      | Noticed Poody's ghost (average MfGl)
  2137 | D:3      | Reached XP level 4. HP: 19/19 MP: 10/10
  3128 | D:3      | Slain by Poody's ghost
  3129 | D:3      | Reached XP level 3. HP: -2/16 MP: 8/8
  3141 | D:4      | Noticed an ogre
  3143 | D:4      | Slain by an ogre

Action                   |  1- 3 |  4- 6 || total
-------------------------+-------+-------++-------
Melee: Unarmed           |   125 |    80 ||   205
 Cast: Spider Form       |     2 |     2 ||     4
       Beastly Appendage |       |     1 ||     1
 Abil: End Transformatio |     1 |       ||     1
  Use: Potion            |     7 |       ||     7
       Scroll            |     5 |       ||     5
 Stab: Sleeping          |     5 |       ||     5
  Eat: Chunk             |     9 |     3 ||    12
